 Dungeon Crawl Stone Soup version 0.20.1-1-g8b1a95d (webtiles) character file.

57 Linguinho the Skirmisher (level 3, 0/29 HPs)
             Began as a Demonspawn Fighter on Nov 11, 2017.
             Slain by a leopard gecko (5 damage)
             ... on level 2 of the Dungeon.
             The game lasted 00:02:12 (1472 turns).

Linguinho the Skirmisher (Demonspawn Fighter)       Turns: 1472, Time: 00:02:13

Health: 0/29       AC:  2    Str: 17    XL:     3   Next: 73%
Magic:  3/3        EV:  9    Int:  9    God:
Gold:   87         SH:  9    Dex: 12    Spells: 2/2 levels left

rFire    . . .     SeeInvis .     - Unarmed
rCold    . . .     Gourm    .   c - +0 shield
rNeg     . . .     Faith    .   i - +0 robe (curse)
rPois    .         Spirit   .   (no helmet)
rElec    .         Reflect  .   (no cloak)
rCorr    .         Harm     .   (no gloves)
MR       .....                  (no boots)
Stlth    +.........             (no amulet)
Regen    0.1/turn               (no ring)
MPRegen  0.1/turn               (no ring)

@: starving
A: talons 1
a: no special abilities


You were on level 2 of the Dungeon.
You were starving.

You visited 1 branch of the dungeon, and saw 2 of its levels.

You collected 87 gold pieces.

Inventory:

Hand Weapons
 a - a +0 war axe
Armour
 b - a +0 scale mail
 c - a +0 shield (worn)
 i - a cursed +0 robe (worn)
Scrolls
 h - a scroll of teleportation {unknown}
 j - a scroll of random uselessness {unknown}
Potions
 d - 3 potions of might
 e - a potion of flight {unknown}
 g - a potion of berserk rage {unknown}
 l - a potion of curing {unknown}
 m - a potion of brilliance {unknown}
Comestibles
 f - 3 bread rations
 k - 4 fruits


   Skills:
 + Level 3.1 Fighting
 + Level 2.0 Axes
 + Level 2.9 Armour
 + Level 0.5 Dodging
 + Level 0.8 Stealth
 + Level 3.1 Shields
 * Level 1.4 Unarmed Combat


You had 2 spell levels left.
You didn't know any spells.

Dungeon Overview and Level Annotations

Branches:
Dungeon (2/15)

Altars:


Innate Abilities, Weirdness & Mutations

You have sharp toenails.


Message History

You block the leopard gecko's attack.
You miss the leopard gecko.
The leopard gecko is moderately wounded.
The leopard gecko closely misses you.
You are starving!
You hit the leopard gecko.
The leopard gecko is heavily wounded.
The leopard gecko bites you but does no damage.
The leopard gecko bites you.
* * * LOW HITPOINT WARNING * * *
You barely miss the leopard gecko.
The leopard gecko is heavily wounded.
You block the leopard gecko's attack.
You barely miss the leopard gecko.
The leopard gecko is heavily wounded.
The leopard gecko barely misses you.
You hit the leopard gecko but do no damage.
The leopard gecko is heavily wounded.
The leopard gecko bites you.
You die...

#.#..##.##.# .......
#.#..##.# #.# .......
#.....#.# #.# .......
#.#.#.#.## #.# .......
#.#.#...##.#.# .......
#........#.#.######.......
#.#####..>.....#....†.......
#..........#.#.#............
##########.#.#@lw..........#
######.#.#.#.....?#....#
#......#.#.####...(.....
#.####...........#######
#.#.#.####.## #.#..... ..$
#.###.####.# #.. .... ..#
### #.#.# .#


You could see a dart slug and a leopard gecko.

Vanquished Creatures
  An adder (D:2)
  An ooze (D:1)
  3 dart slugs (D:1)
  A leopard gecko (D:2)
  A ball python (D:1)
  4 giant cockroaches (D:1)
  2 goblins
  3 hobgoblins
  5 jackals
  2 kobolds (D:1)
  A quokka (D:2)
  6 bats
  A frilled lizard (D:1)
  4 rats (D:1)
35 creatures vanquished.

Notes
Turn   | Place    | Note
-------+----------+-------------------------------------------
     0 | D:1      | Linguinho the Demonspawn Fighter began the quest for the Orb.
     0 | D:1      | Reached XP level 1. HP: 18/18 MP: 1/1
     2 | D:1      | Noticed a gargoyle
     2 | D:1      | Noticed an octopode
     4 | D:1      | Noticed a dwarf
     4 | D:1      | Noticed a felid
     6 | D:1      | Noticed a demigod
     8 | D:1      | Noticed a naga
     8 | D:1      | Noticed a troll
    10 | D:1      | Noticed an elf
    10 | D:1      | Noticed a formicid
    12 | D:1      | Noticed a tengu
    12 | D:1      | Noticed a centaur
    14 | D:1      | Noticed a minotaur
    14 | D:1      | Noticed a vine stalker
    16 | D:1      | Noticed a spriggan
    16 | D:1      | Noticed a draconian
    18 | D:1      | Noticed a merfolk
    22 | D:1      | Noticed a ghoul
    22 | D:1      | Noticed a vampire
    24 | D:1      | Noticed a human
    24 | D:1      | Noticed a halfling
    26 | D:1      | Noticed a demonspawn
    26 | D:1      | Noticed an ogre
   229 | D:1      | Gained mutation: You have sharp toenails. [demonic ancestry]
   229 | D:1      | Reached XP level 2. HP: 16/24 MP: 2/2
   535 | D:1      | Reached skill level 1 in Unarmed Combat
   542 | D:1      | Reached XP level 3. HP: 3/29 MP: 3/3
  1472 | D:2      | Slain by a leopard gecko

Skill      XL: |  1  2  3 |
---------------+----------+-----
Axes           | 2 |  2.0
Unarmed Combat | 1 |  1.4
Shields        | 3 |  3.1
Fighting       | |  3.1
Armour         | |  2.9
Dodging        | |  0.5
Stealth        | |  0.8

Action                   || total
-------------------------++-------
Melee: War axe           ||    37
       Unarmed           ||   137
       Kick              ||    27
 Stab: Sleeping          ||     1
Armor: Scale mail        ||    38
       Robe              ||    24
Dodge: Dodged            ||    67
Block: Shield            ||   105
